 Dungeon Crawl Stone Soup version 0.26.0-10-g1f06aea511 (webtiles) character file.

Game seed: 9196282382993251717

1391 Azzok the Skirmisher (level 8, -4/65 HPs)
             Began as a Demonspawn Berserker on Jan 23, 2021.
             Was an Elder of Trog.
             Slain by an ogre
             ... wielding a +0 giant club
              (15 damage)
             ... on level 6 of the Dungeon.
             The game lasted 00:05:30 (5480 turns).

Azzok the Skirmisher (Demonspawn Berserker)         Turns: 5480, Time: 00:05:31

Health: -4/65      AC: 12    Str: 25    XL:     8   Next: 40%
Magic:  8/8        EV:  9    Int:  9    God:    Trog [****..]
Gold:   460        SH:  0    Dex: 13    Spells: 7/7 levels left

rFire    . . .     SeeInvis +   w - +0 war axe
rCold    . . .     Faith    .   (no shield)
rNeg     . . .     Spirit   .   l - +0 chain mail
rPois    .         Reflect  .   (no helmet)
rElec    .         Harm     .   (no cloak)
rCorr    .         Rampage  .   (no gloves)
Will     .....                  (no boots)
Stlth    ..........             (no amulet)
HPRegen  0.20/turn              b - +6 ring of strength
MPRegen  0.11/turn              r - ring of see invisible

@: lethally poisoned (-4 -> -5), berserk cooldown, slowed, very slow
A: hooves 2, thin metallic scales 1, powered by pain 1
a: Renounce Religion, Berserk, Trog's Hand, Brothers in Arms


You were on level 6 of the Dungeon.
You worshipped Trog.
Trog was greatly pleased with you.
You visited 1 branch of the dungeon, and saw 6 of its levels.

You collected 460 gold pieces.

Inventory:

Hand Weapons
 a - a +0 hand axe
 w - a +0 war axe (weapon)
Armour
 l - a +0 chain mail (worn)
Jewellery
 b - a +6 ring of strength (left hand)
 r - a ring of see invisible (right hand)
Wands
 n - a wand of paralysis (12)
 s - a wand of digging (16)
Scrolls
 d - 4 scrolls of identify
 f - 6 scrolls of remove curse {unknown}
 h - 2 scrolls of blinking {unknown}
 j - 4 scrolls of fog {unknown}
 p - 3 scrolls of enchant armour {unknown}
 q - 3 scrolls of teleportation {unknown}
 u - 3 scrolls of amnesia {unknown}
 v - 2 scrolls of random uselessness {unknown}
 x - a scroll of noise {unknown}
 y - a scroll of silence {unknown}
 z - a scroll of fear {unknown}
Potions
 c - 5 potions of curing {unknown}
 e - a potion of degeneration {unknown}
 g - 3 potions of flight {unknown}
 i - 3 potions of berserk rage {unknown}
 k - 2 potions of mutation {unknown}
 m - a potion of haste {unknown}
 o - a potion of attraction {unknown}
 t - 3 potions of lignification {unknown}
 A - a potion of resistance {unknown}


   Skills:
 + Level 6.6 Fighting
 + Level 6.0 Axes
 + Level 5.7 Armour
 - Level 2.0 Dodging


You had 7 spell levels left.
You didn't know any spells.
Your spell library was empty.

Dungeon Overview and Level Annotations

Branches:
Dungeon (6/15)             Temple (0/1) D:4

Altars:
Ashenzari
Fedhas
Hepliaklqana
Makhleb
Sif Muna
Vehumet

Shops:
D:6 *

Annotations:
D:3 2 transporters


Innate Abilities, Weirdness & Mutations

You have hoof-like feet.
You are partially covered in thin metallic scales. (AC +2)
You sometimes gain a little power by taking damage.


Message History

You barely miss the ogre.
The ogre is moderately wounded.
You feel sick. The ogre hits you but does no damage.
The ogre hits you with a +0 giant club.
You barely miss the ogre. Your kick misses the ogre.
The ogre is moderately wounded.
You feel sick.
The ogre hits you with a +0 giant club!!
* * * LOW HITPOINT WARNING * * *
You hit the ogre but do no damage.
The ogre is moderately wounded.
You feel sick. The ogre barely misses you. The ogre closely misses you.
You slash the ogre! Your kick misses the ogre.
The ogre is severely wounded.
The ogre hits you with a +0 giant club.
* * * LOW HITPOINT WARNING * * *
You hit the ogre. Your kick misses the ogre.
The ogre is almost dead.
You feel sick. The ogre hits you with a +0 giant club!
You die...

▒ ▒·▒ ▒· ·▒·▒·▒▒▒▒·▒
▒ ▒· ········▒·▒▒▒▒▒▒
▒··>·················
·▒·····▒·▒▒·▒·▒▒·▒▒▒
)·····▒····▒··▒·▒ ··
▒·▒·············▒ ···
▒·O··▒▒▒▒▒▒▒···▒▒▒▒
····▒▒·@··▒ ▒·······
········)(▒ ▒▒▒··▒▒▒
···▒▒▒))··▒▒▒▒▒ ▒▒·▒
· ▒··)·····▒▒▒▒▒▒·▒▒▒
▒···)····'·········
▒▒▒▒▒····▒▒▒▒▒▒·▒▒▒
▒····▒▒▒▒▒▒·▒▒▒
▒▒▒▒····▒▒········
╬····)····▒········


You could see an ogre.

Vanquished Creatures
  Prince Ribbit (D:5)
  An ice beast (D:5)
  A sky beast (D:5)
  A phantom (D:6)
  A centaur (D:5)
  2 ogres
  A howler monkey (D:6)
  5 wights (D:6)
  2 hounds
  2 orc priests
  4 worker ants
  An iguana (D:5)
  2 orc wizards (D:4)
  3 adders
  2 white imps (D:6)
  An ufetubus (D:5)
  An ooze (D:1)
  An adder zombie (D:5)
  An adder skeleton (D:5)
  A worm (D:5)
  3 dart slugs
  5 leopard geckos
  9 orcs
  2 bats (D:3)
  6 giant cockroaches
  5 goblins
  12 hobgoblins
  9 jackals
  5 kobolds
  5 quokkas
  3 ball pythons
  4 frilled lizards
  2 quokka zombies
  5 rats
109 creatures vanquished.

Notes
Turn   | Place    | Note
-------+----------+-------------------------------------------
     0 | D:1      | Azzok the Demonspawn Berserker began the quest for the Orb.
     0 | D:1      | Reached XP level 1. HP: 18/18 MP: 1/1
   229 | D:1      | Gained mutation: You have large cloven feet. [demonic
                  | ancestry]
   229 | D:1      | Reached XP level 2. HP: 12/24 MP: 2/2
  1098 | D:2      | Reached XP level 3. HP: 29/29 MP: 3/3
  1108 | D:2      | Found a radiant altar of Vehumet.
  1187 | D:2      | Reached ** piety under Trog
  1908 | D:3      | Found a transporter.
  1911 | D:3      | Found a burning altar of Makhleb.
  1923 | D:3      | Gained mutation: You have hoof-like feet. [demonic
                  | ancestry]
  1923 | D:3      | Reached XP level 4. HP: 33/37 MP: 4/4
  2137 | D:3      | Found a broken altar of Ashenzari.
  2322 | D:3      | Found a transporter.
  2382 | D:3      | Found a hazy altar of Hepliaklqana.
  2432 | D:3      | Reached XP level 5. HP: 36/42 MP: 5/5
  2632 | D:4      | Reached *** piety under Trog
  2683 | D:4      | Found a staircase to the Ecumenical Temple.
  2991 | D:4      | Gained mutation: You sometimes gain a little power by
                  | taking damage. [demonic ancestry]
  2991 | D:4      | Reached XP level 6. HP: 42/49 MP: 6/6
  3405 | D:5      | Entered Level 5 of the Dungeon
  3405 | D:5      | Noticed Prince Ribbit
  3638 | D:5      | Killed Prince Ribbit
  3639 | D:5      | Reached skill level 5 in Fighting
  3643 | D:5      | Reached XP level 7. HP: 46/56 MP: 7/7
  3970 | D:5      | Reached skill level 5 in Axes
  4025 | D:5      | Found a blossoming altar of Fedhas.
  4233 | D:5      | Got a crude bronze amulet
  4368 | D:5      | Identified the amulet "Osuofoj" {Inacc Str+2 Int+3 Dex+2}
                  | (You found it on level 5 of the Dungeon)
  4623 | D:5      | Reached skill level 5 in Armour
  5137 | D:6      | Found a shimmering blue altar of Sif Muna.
  5223 | D:6      | Gained mutation: You are partially covered in thin metallic
                  | scales. (AC +2) [demonic ancestry]
  5223 | D:6      | Reached XP level 8. HP: 64/64 MP: 8/8
  5335 | D:6      | Found Epnopp's Lightly-Used Armoury.
  5471 | D:6      | Reached **** piety under Trog
  5480 | D:6      | Slain by an ogre

Illustrated notes

Levels and vault maps discovered:
D:1:      matt_arrival_diagonals, layout_basic, chequers_garden
D:2:      layout_basic, vehumet_crystals
D:3:      gammafunk_steamed_eel, layout_basic, lemuel_crystal_altar,
          nicolae_overflow_crystal_walls, lemuel_crystal_altar
D:4:      layout_loops_ring, temple_fountains
D:5:      layout_loops_ring, fedhas_ov_isle_minmay, minmay_pentangle,
          uniq_prince_ribbit1
D:6:      lemuel_ratsnest, layout_basic, lemuel_doored_altar,
          minmay_shop_damaged

Skill      XL: |  1  2  3  4  5  6  7  8 |
---------------+-------------------------+-----
Armour         | 2 3 4 5 |  5.7
Dodging        | 2 |  2.0
Axes           | 3 4 5 6 |  6.0
Fighting       | 4 5 6 |  6.6

Action                   |  1- 3 |  4- 6 |  7- 9 || total
-------------------------+-------+-------+-------++-------
Melee: Hand axe          |   102 |    80 |       ||   182
       Kick              |    14 |    35 |    21 ||    70
       War axe           |       |    38 |    85 ||   123
Invok: Berserk           |     1 |     2 |     3 ||     6
  Use: Scroll            |       |       |     1 ||     1
Armor: Scale mail        |    26 |       |       ||    26
       Chain mail        |    12 |    69 |    60 ||   141
Dodge: Dodged            |    57 |    61 |    59 ||   177
